 Dungeon Crawl Stone Soup version 0.28-a0-1241-gf280a0fbb2 (webtiles) character file.

Game seed: 13113106067738453631

591 Gargoyl the Skirmisher (level 7, -12/60 HPs)
             Began as a Gnoll Abyssal Knight on Dec 26, 2021.
             Was a Believer of Lugonu.
             Mangled by a two-headed ogre (15 damage)
             ... on level 4 of the Dungeon.
             The game lasted 00:04:14 (5136 turns).

Gargoyl the Skirmisher (Gnoll Abyssal Knight)       Turns: 5136, Time: 00:04:15

Health: -12/60     AC: 13    Str: 14    XL:     7   Next: 39%
Magic:  11/11      EV:  7    Int: 10    God:    Lugonu [**....]
Gold:   123        SH:  0    Dex: 12    Spells: 10/10 levels left

rFire   . . .      SeeInvis +   a - +4 hand axe
rCold   + . .      Faith    .   (no shield)
rNeg    + . .      Spirit   .   c - +0 chain mail {rC+}
rPois   .          Reflect  .   (no helmet)
rElec   .          Harm     .   g - +1 cloak
rCorr   .          Rampage  .   (no gloves)
Will    .....                   k - +0 pair of boots
Stlth   ..........              (no amulet)
HPRegen 0.20/turn               j - ring of see invisible
MPRegen 0.12/turn               d - ring of positive energy

@: no status effects
A: fangs 1, strong nose, distributed training
a: Renounce Religion, Depart the Abyss, Bend Space


You were on level 4 of the Dungeon.
You worshipped Lugonu.
Lugonu was pleased with you.
You visited 1 branch of the dungeon, and saw 5 of its levels.
You visited the Abyss 1 time.

You collected 123 gold pieces.

Inventory:

Hand Weapons
 a - a +4 hand axe (weapon)
Missiles
 l - a poisoned dart (quivered)
Armour
 c - a +0 chain mail of cold resistance (worn)
 g - a +1 cloak (worn)
 k - a +0 pair of boots (worn)
Jewellery
 d - a ring of positive energy (right hand)
 j - a ring of see invisible (left hand)
Scrolls
 e - 2 scrolls of teleportation
 i - a scroll of magic mapping
 n - a scroll of identify
Potions
 b - a potion of curing {unknown}
 f - a potion of attraction {unknown}
 h - a potion of berserk rage {unknown}
 m - a potion of haste {unknown}
 o - a potion of flight {unknown}


   Skills:
 + Level 7.0 Fighting
 + Level 2.4 Short Blades
 + Level 2.4 Long Blades
 + Level 5.2 Axes
 + Level 2.4 Maces & Flails
 + Level 2.4 Polearms
 + Level 2.4 Staves
 + Level 2.4 Slings
 + Level 2.4 Bows
 + Level 2.4 Crossbows
 + Level 2.4 Throwing
 + Level 5.2 Armour
 + Level 3.6 Dodging
 + Level 2.4 Stealth
 + Level 2.4 Shields
 + Level 2.4 Unarmed Combat
 + Level 2.4 Spellcasting
 + Level 2.0 Conjurations
 + Level 2.0 Hexes
 + Level 2.0 Summonings
 + Level 2.0 Necromancy
 + Level 2.0 Translocations
 + Level 2.0 Transmutations
 + Level 2.0 Fire Magic
 + Level 2.0 Ice Magic
 + Level 2.0 Air Magic
 + Level 2.0 Earth Magic
 + Level 2.0 Poison Magic
 + Level 5.3 Invocations
 + Level 2.4 Evocations


You had 10 spell levels left.
You didn't know any spells.
Your spell library contained the following spells:

 Spells                   Type           Power      Damage    Failure   Level
 Confusing Touch          Hex            5%         N/A       100%        3
 Frozen Ramparts          Ice            10%        1d3       100%        3
 Ice Form                 Ice/Tmut       5%         N/A       100%        4
 Summon Ice Beast         Ice/Summ       5%         N/A       100%        4
 Yara's Violent Unravell  Hex/Tmut       2%         3d3       100%        5
 Enfeeble                 Hex            2%         N/A       100%        7


Dungeon Overview and Level Annotations

Branches:
Dungeon (5/15)
 Temple: D:4-7

Altars:
Qazlal
Trog
The Shining One


Innate Abilities, Weirdness & Mutations

You have very sharp teeth.
Your uncanny sense of smell can sniff out nearby items.
Your experience applies equally to all skills.


Message History

What level of the Dungeon? (default 1, ? - help)
There is an open translucent door here.
Things that are here:
a +3 quarterstaff of chaos; a +0 cloak; the gnoll corpse of Crazy Yiuf
There is a stone staircase leading down here.
You climb downwards.
There is a stone staircase leading up here.
Sorry, I don't know how to get there.
A two-headed ogre comes into view.
It is wielding a +0 giant club and a +0 great mace.
The two-headed ogre shouts in stereo!
A two-headed ogre is nearby!
A two-headed ogre is nearby!
Okay, then.
There is a stone staircase leading up here.
The two-headed ogre barely misses you.
The two-headed ogre hits you with a +0 great mace!!
You climb upwards.
There is a stone staircase leading down here.
Throw: 4 darts (poison)
Press: ? - help, Q - select action, (/) - cycle Shift-Dir - straight line, f - two-headed ogre
Aim: a two-headed ogre, wielding a +0 giant club and a +0 great mace (75% to hit)
You throw a poisoned dart.
The poisoned dart hits the two-headed ogre.
Throw: 3 darts (poison)
Press: ? - help, Q - select action, (/) - cycle Shift-Dir - straight line, f/p - two-headed ogre
Aim: a two-headed ogre, wielding a +0 giant club and a +0 great mace (76% to hit)
You throw a poisoned dart.
The poisoned dart hits the two-headed ogre.
The two-headed ogre is poisoned.
The two-headed ogre barely misses you.
The two-headed ogre hits you with a +0 great mace!
Throw: 2 darts (poison)
Press: ? - help, Q - select action, (/) - cycle Shift-Dir - straight line, f/p - two-headed ogre
Aim: a two-headed ogre, wielding a +0 giant club and a +0 great mace (poisoned, 75% to hit)
You throw a poisoned dart.
The poisoned dart barely misses the two-headed ogre.
The two-headed ogre hits you with a +0 giant club!!
* * * LOW HITPOINT WARNING * * *
The two-headed ogre hits you with a +0 great mace!
You die...

#...# ###.#.# ####.#.#.#
########## #....#.#.##
#........# #.##.#.#..#
#.######.# #.##.#.##.##
#.# #.#
#.##.#.##..###########.#
#.#
#.##.#.#.............#.#
#.#
#.##.#.#.#....@#####.#.#
#.#
#.##.....#.....O...#.#.#
#.#
###...............##.....#
#..
...........#.............#
###
#####.....####.###.##....#
# #..........#..)......###
# #.....####.#.##........#
# #...).#
#.............###### #
###..##
#..###............#.


You could see a two-headed ogre (poisoned).

Vanquished Creatures
  Sigmund (D:3)
  An ogre (D:4)
  A kobold brigand (D:4)
  A water moccasin skeleton (D:4)
  2 hounds (D:4)
  Crazy Yiuf (D:4)
  A bullfrog skeleton (D:4)
  5 adders
  An ufetubus (D:4)
  An adder skeleton (D:4)
  2 worms
  A dart slug (D:3)
  7 endoplasms
  A giant cockroach (D:1)
  8 goblins
  12 hobgoblins
  8 kobolds
  2 quokkas
  5 ball pythons
  3 bats
  A frilled lizard (D:2)
  4 rats
69 creatures vanquished.

Vanquished Creatures (others)
  A small abomination (Abyss:1)
1 creature vanquished.

Grand Total: 70 creatures vanquished

Notes
Turn   | Place    | Note
-------+----------+-------------------------------------------
     0 | Abyss:1  | Gargoyl the Gnoll Abyssal Knight began the quest for the
                  | Orb.
     0 | Abyss:1  | Reached XP level 1. HP: 23/23 MP: 3/3
    71 | Abyss:1  | Killed a small abomination
    86 | Abyss:1  | Noticed a large abomination
   151 | Abyss:3  | Noticed a large abomination
   162 | Abyss:3  | Noticed a spatial vortex
   164 | Abyss:3  | Found a runed translucent door.
   165 | Abyss:3  | Noticed a dire elephant
   165 | Abyss:3  | Noticed a dire elephant
   167 | Abyss:3  | Noticed a dire elephant
   187 | Abyss:4  | Found a corrupted altar of Lugonu.
   196 | Abyss:4  | Noticed a smoke demon
   199 | D:1      | Escaped the Abyss
   595 | D:1      | Reached * piety under Lugonu
   596 | D:1      | Reached XP level 2. HP: 28/29 MP: 5/5
   816 | D:1      | Found a faded altar of an unknown god.
  1372 | D:1      | Reached XP level 3. HP: 34/35 MP: 6/6
  1960 | D:2      | Reached skill level 1 in Short Blades
  1960 | D:2      | Reached skill level 1 in Long Blades
  1960 | D:2      | Reached skill level 1 in Maces & Flails
  1960 | D:2      | Reached skill level 1 in Polearms
  1960 | D:2      | Reached skill level 1 in Staves
  1960 | D:2      | Reached skill level 1 in Slings
  1960 | D:2      | Reached skill level 1 in Bows
  1960 | D:2      | Reached skill level 1 in Crossbows
  1960 | D:2      | Reached skill level 1 in Throwing
  1960 | D:2      | Reached skill level 1 in Stealth
  1960 | D:2      | Reached skill level 1 in Shields
  1960 | D:2      | Reached skill level 1 in Unarmed Combat
  1960 | D:2      | Reached skill level 1 in Spellcasting
  1960 | D:2      | Reached skill level 1 in Evocations
  2055 | D:3      | Found a bloodstained altar of Trog.
  2083 | D:3      | Found a glowing golden altar of the Shining One.
  2152 | D:3      | Found a stormy altar of Qazlal.
  2214 | D:3      | Noticed Sigmund
  2236 | D:3      | Reached XP level 4. HP: 29/41 MP: 7/7
  2248 | D:3      | Killed Sigmund
  2248 | D:3      | Reached ** piety under Lugonu
  2249 | D:3      | Reached skill level 1 in Conjurations
  2249 | D:3      | Reached skill level 1 in Hexes
  2249 | D:3      | Reached skill level 1 in Summonings
  2249 | D:3      | Reached skill level 1 in Necromancy
  2249 | D:3      | Reached skill level 1 in Translocations
  2249 | D:3      | Reached skill level 1 in Transmutations
  2249 | D:3      | Reached skill level 1 in Fire Magic
  2249 | D:3      | Reached skill level 1 in Ice Magic
  2249 | D:3      | Reached skill level 1 in Air Magic
  2249 | D:3      | Reached skill level 1 in Earth Magic
  2249 | D:3      | Reached skill level 1 in Poison Magic
  2249 | D:3      | Reached skill level 5 in Invocations
  2249 | D:3      | Reached XP level 5. HP: 30/47 MP: 8/8
  2249 | D:3      | Reached XP level 6. HP: 34/53 MP: 9/9
  3848 | D:4      | Reached skill level 5 in Axes
  3848 | D:4      | Reached skill level 5 in Armour
  4074 | D:4      | Reached XP level 7. HP: 32/59 MP: 10/10
  4305 | D:4      | Found a runed translucent door.
  4306 | D:4      | Noticed Crazy Yiuf
  4574 | D:4      | Reached skill level 7 in Fighting
  4955 | D:4      | Killed Crazy Yiuf
  5113 | D:5      | Entered Level 5 of the Dungeon
  5122 | D:5      | Noticed a two-headed ogre
  5136 | D:4      | HP: 3/60 [two-headed ogre (21)]
  5136 | D:4      | Mangled by a two-headed ogre

Illustrated notes

Levels and vault maps discovered:
D:1:      lordsloth_arrival_two_stooges, layout_basic,
          shapermc_ecumenical_altar_starsandcircs
D:2:      layout_rooms
D:3:      layout_basic, old_standard_altar, mainiacjoe_overflow_catch_the_wave,
          grunt_decor_clamped, uniq_sigmund
D:4:      layout_basic, hangedman_decor_opposing, uniq_crazy_yiuf_cottage
D:5:      layout_basic, mainiacjoe_overflow_24_doors, lemuel_crystal_altar,
          chequers_jeans

Skill      XL: |  1  2  3  4  5  6  7 |
---------------+----------------------+-----
Short Blades   | 1 2 |  2.4
Long Blades    | 1 2 |  2.4
Maces & Flails | 1 2 |  2.4
Polearms       | 1 2 |  2.4
Staves         | 1 2 |  2.4
Slings         | 1 2 |  2.4
Bows           | 1 2 |  2.4
Crossbows      | 1 2 |  2.4
Throwing       | 1 2 |  2.4
Stealth        | 1 2 |  2.4
Shields        | 1 2 |  2.4
Unarmed Combat | 1 2 |  2.4
Spellcasting   | 1 2 |  2.4
Evocations     | 1 2 |  2.4
Dodging        | 3 |  3.6
Conjurations   | 1 2 |  2.0
Hexes          | 1 2 |  2.0
Summonings     | 1 2 |  2.0
Necromancy     | 1 2 |  2.0
Translocations | 1 2 |  2.0
Transmutations | 1 2 |  2.0
Fire Magic     | 1 2 |  2.0
Ice Magic      | 1 2 |  2.0
Air Magic      | 1 2 |  2.0
Earth Magic    | 1 2 |  2.0
Poison Magic   | 1 2 |  2.0
Invocations    | 5 |  5.3
Axes           | 5 |  5.2
Armour         | 5 |  5.2
Fighting       | 7 |  7.0

Action                   |  1- 3 |  4- 6 |  7- 9 || total
-------------------------+-------+-------+-------++-------
Melee: Hand axe          |   127 |   119 |    13 ||   259
       Bite              |     8 |    11 |     3 ||    22
Throw: Dart              |       |       |    13 ||    13
Invok: Depart the Abyss  |     1 |       |       ||     1
  Use: Scroll            |     7 |     1 |     1 ||     9
 Stab: Invisible         |       |       |     1 ||     1
Armor: Chain mail        |   127 |    68 |     1 ||   196
Dodge: Dodged            |    55 |    49 |     6 ||   110

Table legend: (Time is in decaauts)
 A = Elapsed time spent in this place.
 B = Non-inter-level travel time spent in this place.
 C = Inter-level travel time spent in this place.
 D = Time resting spent in this place.
 E = Time spent auto-exploring this place.
 F = Levels seen in this place.
 G = Mean time per level.
                   A        B        C        D        E       F      G
               +--------+--------+--------+--------+--------+-----+--------+
         Total |   5150 |   4943 |    207 |    202 |   3935 |   9 |  572.2 |
       Dungeon |   4952 |   4745 |    207 |    202 |   3827 |   5 |  990.4 |
         Abyss |    198 |    198 |      0 |      0 |    108 |   4 |   49.5 |
               +--------+--------+--------+--------+--------+-----+--------+

Top non-repeatable levels by time:
     D:4: 1610 daAuts
     D:1: 1493 daAuts
     D:3: 1419 daAuts
     D:2: 408 daAuts
 Abyss:1: 118 daAuts
 Abyss:3: 49 daAuts
     D:5: 19 daAuts
 Abyss:2: 18 daAuts
 Abyss:4: 11 daAuts
